 Dungeon Crawl Stone Soup version 0.31-a0-1074-g0b22e4e0f1 (webtiles) character file.

Game seed: 13044146614100864735

770 grandjackal the Trooper (level 8, -7/59 HPs)
             Began as a Djinni Gladiator on Nov 28, 2023.
             Mangled by an ice beast (12 damage)
             ... on level 5 of the Dungeon.
             The game lasted 00:07:40 (5082 turns).

grandjackal the Trooper (Djinni Gladiator)          Turns: 5082, Time: 00:07:40

Health: -7/59      AC:  9    Str: 13    XL:     8   Next: 9%
Gold:   273        EV: 11    Int: 13    God:
                   SH:  0    Dex: 14

rFire   + + +        a - +0 quarterstaff
rCold   . . .        (shield currently unavailable)
rNeg    . . .        i - +2 ring mail {rF+}
rPois   ∞            c - +0 helmet
rElec   .            (no cloak)
rCorr   .            y - +0 pair of gloves
SInv    +            (boots unavailable)
Will    .....        (no amulet)
Stlth   +            j - ring of see invisible
HPRegen 0.29/turn    u - ring of protection from cold
MPRegen 0.00/turn

%: infuse magic (-8 HP)
@: flying
A: sickness immunity, fire resistance 2, cold vulnerability 1, float, innate
caster, HP casting, extra vitality 1
a: no special abilities


You were on level 5 of the Dungeon.
You visited 2 branches of the dungeon, and saw 7 of its levels.

You collected 329 gold pieces.
You spent 56 gold pieces at shops.

Inventory:

Hand Weapons
 a - a +0 quarterstaff (weapon)
Missiles
 d - 3 throwing nets (quivered)
 e - 4 javelins
Armour
 c - a +0 helmet (worn)
 i - a +2 ring mail of fire resistance (worn)
 y - a +0 pair of gloves (worn)
Magical Staves
 s - a staff of earth
Jewellery
 j - a ring of see invisible (left hand)
 u - a ring of protection from cold (right hand)
Wands
 t - a wand of light (12)
 v - a wand of flame (1)
Scrolls
 f - 3 scrolls of identify {unknown}
 l - a scroll of blinking {unknown}
 m - 5 scrolls of vulnerability {unknown}
 n - a scroll of torment {unknown}
 o - 3 scrolls of noise {unknown}
 q - a scroll of fog {unknown}
 r - a scroll of fear {unknown}
Potions
 b - a potion of berserk rage {unknown}
 g - a potion of curing
 k - a potion of enlightenment {unknown}
 p - a potion of brilliance {unknown}
 w - a potion of resistance {unknown}
 x - a potion of heal wounds {unknown}


   Skills:
 + Level 5.0 Fighting
 + Level 5.0 Staves
 - Level 1.5 Throwing
 - Level 3.2 Dodging
 + Level 2.9 Spellcasting
 + Level 2.9 Conjurations
 + Level 2.9 Hexes
   Level 0.0 Charms
 + Level 2.9 Summonings
 + Level 2.9 Necromancy
 + Level 2.9 Translocations
 + Level 2.9 Transmutations
 + Level 2.9 Fire Magic
 + Level 2.9 Ice Magic
 + Level 2.9 Air Magic
 + Level 2.9 Earth Magic
 + Level 2.9 Poison Magic
 + Level 2.5 Evocations


You knew the following spells:

 Your Spells              Type           Power      Damage    Failure   Level
a - Foxfire               Conj/Fire      36%        2x1d5     16%         1
b - Blink                 Tloc           18%        N/A       22%         2
c - Call Canine Familiar  Summ           9%         N/A       41%         3
Your spell library was empty.

Dungeon Overview and Level Annotations

Branches:
Dungeon (6/15)             Temple (1/1) D:4

Altars:
Cheibriados
Dithmenos
Fedhas
Hepliaklqana
Makhleb
Nemelex Xobeh
Okawaru
Ru
Trog
Uskayaw
Wu Jian
Yredelemnul
Zin
The Shining One

Shops:
D:1 !   D:3 =   D:5 ?


Innate Abilities, Weirdness & Mutations

You are immune to sickness and miasma.
You are immune to poison.
Your flesh is very heat resistant. (rF++)
You are vulnerable to cold. (rC-)
You float through the air rather than walking.
You learn spells naturally, not from books.
Your magical power is your life essence.
You have superior vitality. (+4 MHP)


Message History

The ice beast attacks as it pursues you!
The ice beast hits you but does no damage.
Casting: Foxfire (safe; 16% risk of failure)
Confirm with . or Enter, or press ? or * to list all spells.
You conjure some foxfire!
The ice beast hits you. The ice beast freezes you!
The foxfire hits the ice beast.
The ice beast melts!
The ice beast is moderately wounded.
The foxfire hits the ice beast but does no damage.
The ice beast is moderately wounded.
You hit the ice beast but do no damage.
The ice beast is moderately wounded.
The ice beast barely misses you.
You hit the ice beast.
The ice beast is heavily wounded.
The ice beast closely misses you.
You hit the ice beast but do no damage.
The ice beast is heavily wounded.
The ice beast hits you but does no damage.
You barely miss the ice beast.
The ice beast is heavily wounded.
The ice beast hits you but does no damage.
You hit the ice beast.
The ice beast is heavily wounded.
The ice beast hits you. The ice beast freezes you!
* * * LOW HITPOINT WARNING * * *
You hit the ice beast.
The ice beast is severely wounded.
The ice beast hits you but does no damage.
You hit the ice beast.
The ice beast is severely wounded.
The ice beast hits you.
* * * LOW HITPOINT WARNING * * *
The ice beast freezes you!
* * * LOW HITPOINT WARNING * * *
You closely miss the ice beast.
The ice beast is severely wounded.
The ice beast hits you.
* * * LOW HITPOINT WARNING * * *
The ice beast freezes you!
You die...

....)..................#.........
.................#...###....)....
....................## ##........
....................######...#..#
................#...##.#.........
....##.##....#............###...#
##....###......∩..........#...###
##...)#[#...)..............###..
##....>.......Y@.........###_...
#...#.)####................###..
###...####...................###
##...##......................##
###....#..#.......##:.........##
#.........##......#..........##
###......###................##
###....# ##..##.........#.#
#.....# ###.......#..####


You could see an ice beast.

Vanquished Creatures
  2 black bears (D:5)
  A scorpion (D:5)
  A gnoll sergeant (D:5)
  A crimson imp (D:5)
  2 gnoll boudas
  An orc priest (D:3)
  Jessica (D:3)
  An iguana (D:5)
  12 gnolls
  8 adders
  3 worms
  2 dart slugs
  11 orcs
  8 ball pythons
  5 endoplasms
  7 goblins
  5 hobgoblins
  6 kobolds
  7 quokkas
  4 bats
  4 frilled lizards
  8 rats
100 creatures vanquished.

Vanquished Creatures (others)
  77 foxfires
77 creatures vanquished.

Grand Total: 177 creatures vanquished

Notes
Turn   | Place    | Note
-------+----------+-------------------------------------------
     0 | D:1      | grandjackal the Djinni Gladiator began the quest for the
                  | Orb.
     0 | D:1      | Reached XP level 1. HP: 18/18 MP: 0/0
   146 | D:1      | Reached XP level 2. HP: 23/23 MP: 0/0
   512 | D:1      | Found Qoemutsu's Distillery.
   549 | D:1      | Bought a potion of curing for 42 gold pieces
   549 | D:1      | Bought a potion of degeneration for 14 gold pieces
   752 | D:1      | Reached XP level 3. HP: 17/29 MP: 0/0
   752 | D:1      | Learned a level 1 spell: Foxfire
  1110 | D:2      | Reached skill level 1 in Spellcasting
  1110 | D:2      | Reached skill level 1 in Conjurations
  1110 | D:2      | Reached skill level 1 in Hexes
  1110 | D:2      | Reached skill level 1 in Summonings
  1110 | D:2      | Reached skill level 1 in Necromancy
  1110 | D:2      | Reached skill level 1 in Translocations
  1110 | D:2      | Reached skill level 1 in Transmutations
  1110 | D:2      | Reached skill level 1 in Fire Magic
  1110 | D:2      | Reached skill level 1 in Ice Magic
  1110 | D:2      | Reached skill level 1 in Air Magic
  1110 | D:2      | Reached skill level 1 in Earth Magic
  1110 | D:2      | Reached skill level 1 in Poison Magic
  1114 | D:2      | Reached XP level 4. HP: 34/34 MP: 0/0
  1530 | D:3      | Noticed Jessica
  1542 | D:3      | Killed Jessica
  1543 | D:3      | Reached XP level 5. HP: 36/40 MP: 0/0
  1543 | D:3      | Learned a level 2 spell: Blink
  1972 | D:3      | Reached XP level 6. HP: 47/47 MP: 0/0
  2253 | D:3      | You are sucked into a shaft and drop 1 floor!
  2272 | D:4      | Found a staircase to the Ecumenical Temple.
  2280 | Temple   | Entered the Ecumenical Temple
  2925 | D:3      | Found Huguo's Jewellery Shop.
  3530 | D:5      | Entered Level 5 of the Dungeon
  3666 | D:5      | Noticed a black bear
  3679 | D:5      | Killed a black bear
  3680 | D:5      | Reached skill level 1 in Evocations
  3680 | D:5      | Reached XP level 7. HP: 39/53 MP: 0/0
  3680 | D:5      | Learned a level 3 spell: Call Canine Familiar
  4142 | D:5      | Found a burning altar of Makhleb.
  4479 | D:5      | Found Veasec's Magic Scroll Shoppe.
  4644 | D:5      | Found a basalt altar of Yredelemnul.
  4712 | D:5      | Found a glowing golden altar of the Shining One.
  4720 | D:5      | Found a sparkling altar of Nemelex Xobeh.
  4779 | D:5      | Reached XP level 8. HP: 58/58 MP: 0/0
  4821 | D:5      | Reached skill level 5 in Fighting
  4821 | D:5      | Reached skill level 5 in Staves
  5082 | D:5      | Mangled by an ice beast

Illustrated notes

Levels and vault maps discovered:
D:1:      dpeg_arrival_windows_large_door, layout_loops_corners, serial_shops,
          nicolae_shop_trees, serial_park_tiny_pond
D:2:      layout_basic
D:3:      layout_loops_cross, serial_shops, shop, uniq_jessica
D:4:      layout_loops_cross, minmay_temple_entry_glassed_door
D:5:      layout_cave_pools, grunt_temple_overflow_lords_of_destruction,
          minmay_overflow_temple_star_quad, kennysheep_mini, serial_shops,
          shop_scrolls, chequers_serial_rivers_micro_a
D:6:      layout_loops_ring, uniq_duvessa
Temple:   jpeg_temple_clearing

Skill      XL: |  1  2  3  4  5  6  7  8 |
---------------+-------------------------+-----
Staves         | 3 4 5 |  5.0
Spellcasting   | 1 2 |  2.9
Conjurations   | 1 2 |  2.9
Hexes          | 1 2 |  2.9
Summonings     | 1 2 |  2.9
Necromancy     | 1 2 |  2.9
Translocations | 1 2 |  2.9
Transmutations | 1 2 |  2.9
Fire Magic     | 1 2 |  2.9
Ice Magic      | 1 2 |  2.9
Air Magic      | 1 2 |  2.9
Earth Magic    | 1 2 |  2.9
Poison Magic   | 1 2 |  2.9
Fighting       | 3 4 5 |  5.0
Evocations     | 1 2 |  2.5
Throwing       | |  1.5
Dodging        | |  3.2

Action                     |  1- 3 |  4- 6 |  7- 9 || total
---------------------------+-------+-------+-------++-------
  Melee: Quarterstaff      |    78 |   226 |    79 ||   383
   Cast: Foxfire           |       |    22 |    25 ||    47
   Stab: Sleeping          |     2 |       |       ||     2
 Armour: Leather armour    |    30 |       |       ||    30
         Ring mail         |    15 |   152 |   107 ||   274
  Dodge: Dodged            |    44 |   158 |    89 ||   291

Table legend: (Time is in decaauts)
 A = Elapsed time spent in this place.
 B = Non-inter-level travel time spent in this place.
 C = Inter-level travel time spent in this place.
 D = Time resting spent in this place.
 E = Time spent auto-exploring this place.
 F = Levels seen in this place.
 G = Mean time per level.
                   A        B        C        D        E       F      G
               +--------+--------+--------+--------+--------+-----+--------+
         Total |   5129 |   4944 |    185 |   1080 |   2662 |   7 |  732.7 |
       Dungeon |   5050 |   4865 |    185 |   1080 |   2662 |   6 |  841.7 |
        Temple |     78 |     78 |      0 |      0 |      0 |   1 |   78.0 |
               +--------+--------+--------+--------+--------+-----+--------+

Top non-repeatable levels by time:
     D:5: 1370 daAuts
     D:4: 1151 daAuts
     D:1: 1020 daAuts
     D:3: 872 daAuts
     D:2: 624 daAuts
  Temple: 78 daAuts
     D:6: 10 daAuts
